 Dungeon Crawl Stone Soup version 0.32-a0-779-g362cfcae2a (webtiles) character file.

Game seed: 16663174715857755447

2591056 Reveillark the End of an Era (level 27, 261/261 (264) HPs)
             Began as a Formicid Fighter on Mar 19, 2024.
             Was the Champion of Qazlal.
             Escaped with the Orb
             ... and 4 runes!
             The game lasted 02:05:04 (60899 turns).

Reveillark the End of an Era (Formicid Fighter)    Turns: 60899, Time: 02:05:04

HP:   261/261 (264) AC: 40    Str: 43    XL:     27
MP:   40/40         EV: 15    Int: 14    God:    Qazlal [******]
Gold: 7366          SH: 23    Dex:  9    Spells: 43/50 levels left

rFire   + + .        i - +9 executioner's axe (freeze) {rare}
rCold   + + +        M - +0 kite shield {reflect}
rNeg    + . .        I - +11 gold dragon scales {rare}
rPois   +            (helmet unavailable)
rElec   +            Q - scarf {rC+ rF+}
rCorr   .            c - +2 pair of gloves {Str+3}
SInv    +            A - +0 pair of boots "Acuhif" {+Inv rC+ Dex+3}
Will    ++...        a - amulet of Vitality {Regen++ RegenMP++} Stlth
                     b - ring of Lutemn {rElec rN+ Str+6 Int+2 Dex-4}
HPRegen 2.23/turn    E - +5 ring of evasion
MPRegen 1.07/turn

%: repel missiles, reflection
@: studying Stealth, lightly drained
A: permanent stasis, dig shafts and tunnels, antennae 3, four strong arms,
clumsy 1, robust 1, strong 1
0: Orb of Zot
}: 4/15 runes: barnacled, slimy, silver, gossamer
a: Dig, Shaft Self, Renounce Religion, Evoke Invisibility, Upheaval, Elemental
Force, Disaster Area


You escaped.
You worshipped Qazlal.
Qazlal was exalted by your worship.
You visited 12 branches of the dungeon, and saw 56 of its levels.
You visited the Abyss 1 time.
You visited 1 bazaar.
You visited 1 ziggurat, and saw 11 of its levels.
You also visited: Sewer.

You collected 10119 gold pieces.
You spent 2753 gold pieces at shops.

Inventory:

Hand Weapons
 i - a +9 executioner's axe of freezing (weapon) {rare}
Missiles
 U - 9 throwing nets {=f!f}
Armour
 c - a +2 pair of gloves of strength (worn)
 A - the +0 pair of boots "Acuhif" (worn) {+Inv rC+ Dex+3}
   (You found it on level 1 of the Crypt)

   Dex+3:     It affects your dexterity (+3).
   rC+:       It protects you from cold.
   +Inv:      It lets you turn invisible.
 I - +11 gold dragon scales (worn) {rare}
 M - a +0 kite shield of reflection (worn)
 Q - a scarf of resistance (worn)
Magical Staves
 J - the staff of Iliritze {rC+ rCorr Ice, !a}
   (You found it on level 8 of a ziggurat)

   [staff of cold]

   Base accuracy: +5 Base damage: 5 Base attack delay: 1.2 This weapon's minimum
   attack delay (0.6) is reached at skill level 12.
   rC+:       It protects you from cold.
   rCorr:     It protects you from acid and corrosion.
   Ice:       It increases the power of your Ice spells.
   It falls into the 'Staves' category.
   It is a weapon for one hand-pair.
Jewellery
 a - the amulet of Vitality (around neck) {Regen++ RegenMP++}
   (You bought it in a shop on level 4 of the Dungeon)

   [amulet of nothing]

   Regen++:   It increases your rate of health regeneration.
   RegenMP++: It increases your rate of magic regeneration.
 b - the ring of Lutemn (left hand) {rElec rN+ Str+6 Int+2 Dex-4}
   (You found it on level 5 of the Pits of Slime)

   [ring of strength]

   Str+6:     It affects your strength (+6).
   Int+2:     It affects your intelligence (+2).
   Dex-4:     It affects your dexterity (-4).
   rElec:     It insulates you from electricity.
   rN+:       It protects you from negative energy.
 f - a ring of protection from fire
 o - a +4 ring of protection
 B - the ring of Qacaon {rN+ Str+3 Slay+3}
   (You found it on level 3 of the Elven Halls)

   [ring of positive energy]

   Str+3:     It affects your strength (+3).
   Slay+3:    It affects your accuracy & damage with ranged weapons and melee
   (+3).
   rN+:       It protects you from negative energy.
 C - a ring of protection from cold
 E - a +5 ring of evasion (right hand)
 L - a ring of flight
 O - the ring of Zegaeff {rPois rF++}
   (You found it on level 4 of a ziggurat)

   [ring of poison resistance]

   rF++:      It greatly protects you from fire.
   rPois:     It protects you from poison.
 R - a ring of resist corrosion
 Y - a +4 ring of slaying
 Z - the ring of the Salmon {Ice rPois Int+3 Slay+5 Stlth+}
   (You took it off Josephina on level 4 of the Depths)

   [ring of ice]

   Ice:       It enhances your ice magic.
   Int+3:     It affects your intelligence (+3).
   Slay+5:    It affects your accuracy & damage with ranged weapons and melee
   (+5).
   rF-:       It makes you vulnerable to fire.
   rC+:       It protects you from cold.
   rPois:     It protects you from poison.
   Stlth+:    It makes you more stealthy.
Wands
 V - a wand of digging (4)
Scrolls
 e - 4 scrolls of torment {!r}
 j - 8 scrolls of poison
 p - 11 scrolls of blinking {!r}
 q - 37 scrolls of identify {@r1}
 r - 11 scrolls of fear
 s - 29 scrolls of teleportation {@r4}
 v - 2 scrolls of enchant weapon
 y - 6 scrolls of revelation
 z - 10 scrolls of fog
 D - 6 scrolls of butterflies
 K - 10 scrolls of vulnerability {!r!r}
 P - 4 scrolls of immolation {!r!r}
 X - 13 scrolls of amnesia
Potions
 d - 7 potions of mutation {!q}
 h - 7 potions of heal wounds {@q2}
 k - 25 potions of curing {@q1}
 l - 3 potions of might
 m - 19 potions of magic
 n - 8 potions of brilliance
 t - 4 potions of invisibility
 u - 11 potions of lignification {!q}
 w - 8 potions of ambrosia
 x - 10 potions of cancellation
 G - 12 potions of attraction {!q}
 H - 9 potions of enlightenment
 W - 6 potions of resistance
Miscellaneous
 F - a phantom mirror
 N - a lightning rod (4/4)
 S - a box of beasts
 T - a condenser vane


   Skills:
 * Level 24.9 Fighting
 - Level 24.0 Axes
 + Level 21.5 Armour
 - Level 10.0 Dodging
 + Level 23.4 Shields
 - Level 12.0 Spellcasting
 - Level 8.0 Necromancy
 - Level 18.0 Translocations
 * Level 26.1 Invocations


You had 43 spell levels left.
You knew the following spells:

 Your Spells              Type           Power      Damage    Failure   Level
m - Manifold Assault      Tloc           56%        N/A       1%          4
X - Fugue of the Fallen   Necr           30%        N/A       4%          3

Your spell library contained the following spells:

 Spells                   Type           Power      Damage    Failure   Level
 Necrotise                Necr           100%       1d9       1%          1
 Lesser Beckoning         Tloc           100%       N/A       1%          2
 Momentum Strike          Conj/Tloc      66%        3d9       1%          2
 Gell's Gravitas          Tloc           56%        N/A       1%          3
 Teleport Other           Tloc           56%        N/A       1%          3
 Sublimation of Blood     Necr           30%        N/A       2%          2
 Volatile Blastmotes      Fire/Tloc      66%        2d15      3%          3
 Vampiric Draining        Necr           30%        2d8       4%          3
 Dispersal                Tloc           28%        N/A       4%          6
 Kiss of Death            Conj/Necr      76%        2d11      9%          1
 Dimensional Bullseye     Hex/Tloc       16%        N/A       11%         4
 Iskenderun's Mystic Bla  Conj/Tloc      33%        2d8       11%         4
 Animate Dead             Necr           30%        N/A       16%         4
 Dispel Undead            Necr           30%        3d14      16%         4
 Cigotuvi's Dreadful Rot  Necr/Alch/Air  30%        N/A       22%         2
 Summon Forest            Summ/Tloc      16%        N/A       28%         5
 Foxfire                  Conj/Fire      32%        2x1d5     38%         1
 Magic Dart               Conj           32%        1d4       38%         1
 Shock                    Conj/Air       32%        1d5       38%         1
 Slow                     Hex            32%        N/A       38%         1
 Sting                    Conj/Alch      32%        1d5       38%         1
 Call Imp                 Summ           16%        N/A       54%         2
 Ensorcelled Hibernation  Hex/Ice        16%        N/A       54%         2
 Mercury Vapours          Alch/Air       16%        N/A       54%         2
 Scorch                   Fire           16%        2d5       54%         2
 Searing Ray              Conj           16%        2d5       54%         2
 Static Discharge         Conj/Air       16%        3-4/arc   54%         2
 Anguish                  Hex/Necr       9%         N/A       63%         4
 Martyr's Knell           Necr/Summ      19%        N/A       63%         4
 Confusing Touch          Hex            8%         N/A       77%         3
 Dazzling Flash           Conj/Hex       16%        N/A       77%         3
 Frozen Ramparts          Ice            16%        1d3       77%         3
 Hailstorm                Conj/Ice       8%         3d5       77%         3
 Inner Flame              Hex/Fire       8%         N/A       77%         3
 Mephitic Cloud           Conj/Alch/Air  8%         N/A       77%         3
 Ozocubu's Armour         Ice            8%         N/A       77%         3
 Passwall                 Erth           8%         N/A       77%         3
 Stone Arrow              Conj/Erth      16%        3d8       77%         3
 Summon Ice Beast         Ice/Summ       8%         N/A       77%         3
 Tukima's Dance           Hex            8%         N/A       77%         3
 Disjunction              Tloc           28%        N/A       86%         8
 Airstrike                Air            4%         2d(1-17)  99%         4
 Animate Armour           Summ/Erth      16%        N/A       99%         4
 Brom's Barrelling Bould  Conj/Erth      8%         2d3       99%         4
 Flame Wave               Conj/Fire      8%         2d5       99%         4
 Fulminant Prism          Conj/Alch      4%         3d5       99%         4
 Ignite Poison            Fire/Alch      8%         N/A       99%         4
 Leda's Liquefaction      Alch/Erth      4%         N/A       99%         4
 Olgreb's Toxic Radiance  Alch           8%         N/A       99%         4
 Petrify                  Alch/Erth      8%         N/A       99%         4
 Sticky Flame             Fire/Alch      8%         2d4       99%         4
 Summon Blazeheart Golem  Fire/Summ      8%         N/A       99%         4
 Summon Lightning Spire   Summ/Air       8%         N/A       99%         4
 Arcjolt                  Conj/Air       4%         1d14      100%        5
 Fireball                 Conj/Fire      4%         3d4       100%        5
 Freezing Cloud           Conj/Ice/Air   4%         6-21      100%        5
 Iskenderun's Battlesphe  Conj           8%         2d6       100%        5
 Lee's Rapid Deconstruct  Erth           4%         3d5*      100%        5
 Metabolic Englaciation   Hex/Ice        4%         N/A       100%        5
 Summon Mana Viper        Hex/Summ       8%         N/A       100%        5
 Bombard                  Conj/Erth      4%         9d2       100%        6
 Conjure Ball Lightning   Conj/Air       4%         3x3d6     100%        6
 Eringya's Noxious Bog    Alch           4%         4d6       100%        6
 Permafrost Eruption      Ice/Erth       4%         2x4d3     100%        6
 Plasma Beam              Fire/Air       4%         2x1d14    100%        6
 Sculpt Simulacrum        Ice/Alch       4%         N/A       100%        6
 Starburst                Conj/Fire      4%         6d3       100%        6
 Summon Cactus Giant      Summ           4%         N/A       100%        6
 Haunt                    Necr/Summ      9%         N/A       100%        7
 Malign Gateway           Summ/Tloc      16%        N/A       100%        7
 Orb of Destruction       Conj           4%         9d5       100%        7
 Ozocubu's Refrigeration  Ice            4%         4d8       100%        7
 Spellforged Servitor     Conj/Summ      4%         N/A       100%        7
 Summon Hydra             Summ           4%         N/A       100%        7
 Borgnjor's Revivificati  Necr           15%        N/A       100%        8
 Ignition                 Fire           4%         3d4       100%        8
 Infestation              Necr           15%        N/A       100%        8
 Lehudib's Crystal Spear  Conj/Erth      4%         10d3      100%        8
 Maxwell's Capacitive Co  Air            4%         ∞         100%        8
 Summon Horrible Things   Summ           4%         N/A       100%        8
 Death's Door             Necr           15%        N/A       100%        9
 Polar Vortex             Ice            4%         N/A       100%        9
 Shatter                  Erth           4%         3d7*      100%        9
 Blink                    Tloc           Unusable   N/A       N/A         2
 Vhi's Electric Charge    Tloc/Air       Unusable   N/A       N/A         4
 Swiftness                Air            Unusable   N/A       N/A         3

Dungeon Overview and Level Annotations

Branches:
Dungeon (15/15)            Temple (1/1) D:4            Lair (5/5) D:9
 Shoals (4/4) Lair:2       Spider (4/4) Lair:2        Slime (5/5) Lair:5
    Orc (2/2) D:12            Elf (3/3) Orc:2        Vaults (5/5) D:13
  Crypt (3/3) Vaults:2       Tomb (0/3) Crypt:3      Depths (4/4) D:15
    Zot (5/5) Depths:4      Sewer (visited)

Altars:
Ashenzari
Cheibriados
Dithmenos
Elyvilon
Fedhas
Gozag
Hepliaklqana
Kikubaaqudgha
Makhleb
Nemelex Xobeh
Okawaru
Qazlal
Ru
Sif Muna
Trog
Uskayaw
Vehumet
Wu Jian
Xom
Yredelemnul
Zin
The Shining One
Beogh
Jiyva
Lugonu

Shops:
D:4 =!!*   D:7 ?   D:8 *   Orc:2 =**!   Vaults:2 (

Portals:
Hell: Lair:5 Depths:1 Depths:2 Depths:3 Depths:4
Abyss: Depths:3 Depths:4
Pandemonium: Depths:2 Depths:3


Innate Abilities, Weirdness & Mutations

You cannot be hasted, slowed, berserked, paralysed or teleported.
You can dig through walls and to a lower floor.
You have a pair of large antennae on your head. (SInv)
Your four strong arms can wield two-handed weapons with a shield.
You are clumsy. (Dex -2)
You are robust. (+10% HP)
Your muscles are strong. (Str +4, Int/Dex -1)


Message History

No target in view!
No target in view!
No target in view!
No target in view!
There is a stone staircase leading up here.
You climb upwards.
There is a stone staircase leading down here.
You sense a monster nearby.
There is a stone staircase leading up here.
You climb upwards.
There is a stone staircase leading down here.
There is a stone staircase leading up here.
You climb upwards.
There is a stone staircase leading down here.
There is a stone staircase leading up here.
You climb upwards.
There is a stone staircase leading down here.
Items here: )) [ ÷.
Items here: ( ) [ ÷.
There is a stone staircase leading up here.
You climb upwards.
There is a stone staircase leading down here.
You sense a monster nearby.
Unknown command.
Something hisses, "Surrender, thou peaked limp-willed nobody!"
Coiplaos comes into view.
Things that are here:
a +0 club; a goblin skeleton You hear a shout!
You sense a monster nearby.
A red devil comes into view.
It is wielding a +1 demon trident of venom.
Unknown command.
There is a shaft here.
You block the red devil's attack.
You see here a +0 sling.
A red devil is nearby!
There is a stone staircase leading up here.
You climb upwards.
There is a stone staircase leading down here.
Aiming: Dig
Press: ? - help, Q - select action, (/) - cycle Shift-Dir - straight line, f - you Please select a direction to dig.
This square is covered in magical glow.
Okay, then.
There is a stone staircase leading down here.
You open the door.
There is an open door here.
There is an open door here.
There is a staircase leading out of the dungeon here.
You have escaped!

###........÷..######.##### #.#
##.....................######.#
##.#####.######.#####........#
#.# #....#.....# #######...
#.## ######'###'## ###. #..##
#...#...# #.
##..#######...#.>.# #.
##.......#..○#...# #.
#######.#§@.#.>.# ## #######
#..#○.°#...####### # #.....#
#..#...#.>.#.....#####
#.....####..#...#...#####...)..
#....[))...###'###'## #####....
##.....#######..###.# #.....###
##......# ##.....####.#####
#.......# ###.####.†.#
..#.....# #.####.###


There were no monsters in sight!

Vanquished Creatures
  the Royal Jelly (Slime:5)
  8 dread liches
  4 ancient liches
  6 orbs of fire
  A juggernaut (Depths:2)
  Sojobo (Depths:3)
  Boris (5 times) (Vaults:1 Vaults:2 Depths:1 Depths:4 Crypt:2)
  Josephina (Depths:4)
  8 Killer Klowns
  Bai Suzhen (Vaults:4)
  4 curse toes
  Vv (Crypt:2)
  the Enchantress (Depths:4)
  8 golden dragons
  Jory (Vaults:4)
  A pandemonium lord (Zig:8)
  4 pearl dragons (Zig:11)
  2 bone dragons (Crypt:3)
  A profane servitor (Zot:1)
  Arachne (Spider:2)
  7 electric golems
  3 Tzitzimimeh
  16 tentacled monstrosities
  An iron giant (Zig:6)
  A Brimstone Fiend (Depths:2)
  Jorgrun (D:14)
  2 Hell Sentinels (Zig:8)
  28 Orb Guardians
  A walking earthen tome (Depths:2)
  A shard shrike skeleton (Crypt:3)
  3 Ice Fiends
  Asterion (Vaults:1)
  The ghost of Acaowk the Warrior, an adept VSBr of Uskayaw (Shoals:3)
  5 liches
  5 titans
  3 deep elf blademasters
  A walking divine tome (Depths:2)
  A deep elf master archer (Elf:3)
  2 krakens
  26 acid blobs
  6 ancient champions
  4 sphinxes
  7 quicksilver dragons
  3 death cobs
  An Executioner (Zot:1)
  2 tengu reavers (Depths:4)
  7 shadow dragons
  14 storm dragons
  Donald (Elf:1)
  Roxanne (Elf:1)
  10 rockslimes (Slime:5)
  10 draconian monks
  14 fire giants
  2 revenants
  7 draconian knights
  5 draconian scorchers
  5 draconian shifters
  2 daevas (Zig:11)
  15 deep elf sorcerers
  12 frost giants
  5 protean progenitors
  7 iron dragons
  Ilsuiw (Shoals:3)
  14 azure jellies
  3 balrugs
  3 spectral caustic shrikes (Depths:1)
  21 vault wardens
  8 deep elf elementalists (Elf:3)
  4 emperor scorpions
  13 ghost moths
  3 cacodemons
  2 juggernaut zombies (Depths:2)
  4 angels (Zig:11)
  15 ironbound preservers
  5 draconian stormcallers
  3 spriggan defenders (Depths:4)
  A demonspawn corrupter (Zot:5)
  7 draconian annihilators
  3 ghouls
  A caustic shrike skeleton (Crypt:3)
  7 broodmothers
  10 quicksilver oozes
  8 formless jellyfish
  15 very ugly things
  A juggernaut skeleton (Crypt:3)
  8 orc warlords
  7 vampire knights
  An apis (Zig:11)
  3 reapers
  2 ironbound thunderhulks
  11 black draconians
  Nessos (Lair:5)
  15 stone giants
  9 deep elf demonologists
  9 white draconians
  12 deep elf death magi
  2 lorocyprocas
  6 green draconians
  3 demonspawn black suns
  Azrael (Elf:2)
  3 ophanim (Zig:11)
  13 red draconians
  A wendigo (Zig:1)
  7 spark wasps
  14 purple draconians
  11 deep elf annihilators
  A war gargoyle (Vaults:3)
  10 yellow draconians
  5 eidola
  A blizzard demon (D:15)
  2 crystal guardians
  13 ettins
  10 merfolk javelineers
  21 merfolk impalers
  8 jiangshi
  15 fire dragons
  7 entropy weavers
  15 yaktaur captains
  9 ice dragons
  2 peacekeepers
  33 vault guards
  8 great orbs of eyes
  5 hydras
  3 spriggan air magi
  6 rakshasas
  A hell beast (Zig:8)
  A spriggan zombie (Depths:2)
  9 deep elf high priests
  2 jorogumos (Spider:2)
  A ghost crab (Spider:1)
  3 spriggan skeletons (Crypt:3)
  6 ogre magi
  7 ironbound frosthearts
  2 merfolk avatars
  4 catoblepae
  Erica (D:8)
  2 death knights
  11 boulder beetles
  31 dancing weapons
  11 centaur warriors
  6 merfolk aquamancers (Shoals:4)
  5 death yaks (Lair:5)
  A deep troll shaman (Depths:2)
  20 two-headed ogres
  2 orc high priests
  7 vampire magi
  A holy swine (Shoals:4)
  8 deep troll earth magi
  7 demonic crawlers
  2 tengu warriors (D:13)
  4 spriggan berserkers
  3 thrashing horrors
  16 deep elf knights
  2 sun demons
  3 soul eaters
  A titan skeleton (Crypt:3)
  12 hell knights
  2 wretched stars
  3 cherubim
  6 skysharks
  54 skeletal warriors
  4 shadow wraiths
  5 sixfirhies
  4 pharaoh ants
  A death drake (Zig:9)
  7 sea snakes
  A storm dragon skeleton (Vaults:3)
  7 iron trolls
  12 orb spiders
  3 bog bodies
  2 glowing orange brains (shapeshifter)
  46 deep trolls
  An orange crystal statue (D:10)
  A ghost moth zombie (Crypt:2)
  2 shadow demons
  3 flayed ghosts
  4 thermic dynamos
  4 glowing orange brains
  8 arcanists
  A deep troll (shapeshifter) (Depths:2)
  14 ironbound convokers
  3 tengu zombies
  2 bunyip skeletons (Crypt:3)
  10 steelbarb worms
  15 orc knights
  13 phantasmal warriors
  4 golden dragon skeletons (Depths:2)
  25 deep elf pyromancers
  10 necromancers
  10 deep elf archers
  A steelbarb worm (shapeshifter) (Depths:4)
  A sphinx simulacrum (Depths:4)
  27 harpies
  A jorogumo zombie (Crypt:3)
  4 lindwurms
  4 orc sorcerers
  21 deep elf zephyrmancers
  33 wolf spiders
  40 ugly things
  2 oklob plants (Shoals:2)
  11 shining eyes
  A large abomination (Zig:8)
  10 cyclopes
  A stone giant zombie (Vaults:3)
  An iron dragon skeleton (Crypt:3)
  A meliai (Spider:4)
  27 moths of wrath
  18 manticores
  2 human zombies (Vaults:3)
  3 fauns
  A fire giant zombie (Depths:2)
  6 kobold blastminers
  A rust devil (Zig:8)
  86 slime creatures
  2 stone giant skeletons (Crypt:3)
  6 black mambas
  9 water nymphs
  17 merfolk sirens
  13 vault sentinels
  2 water nymphs (shapeshifter)
  7 elephants
  An eye of devastation (Slime:4)
  2 orange demons (Lair:5)
  7 torpor snails
  An eye of devastation (shapeshifter) (Vaults:2)
  3 dire elephant skeletons (Crypt:3)
  13 cane toads
  6 smoke demons
  2 gargoyles
  A centaur skeleton (Crypt:3)
  2 alligator snapping turtle skeletons (Crypt:3)
  A hellion (D:15)
  An unseen horror zombie (Crypt:1)
  8 rime drakes
  4 kobold demonologists
  15 yaktaurs
  13 komodo dragons
  A tengu conjurer (D:15)
  A redback zombie (Crypt:3)
  A tormentor (Depths:2)
  An ancient zyme (Zig:5)
  5 ice devils
  6 freezing wraiths
  7 trolls
  A harpy zombie (Crypt:2)
  50 merfolk
  39 tarantellas
  6 tyrant leeches (Spider:1)
  2 hellwings (Zot:1)
  A harpy skeleton (Abyss:3)
  Prince Ribbit (Lair:1)
  A tengu simulacrum (Depths:4)
  7 wind drakes
  6 polar bears
  15 blink frogs
  A tarantella (shapeshifter) (Vaults:5)
  6 hornets
  A deep troll zombie (Vaults:3)
  A human simulacrum (Vaults:2)
  6 snapping turtles
  An iron dragon simulacrum (Depths:2)
  11 dream sheep
  2 glass eyes (Slime:5)
  2 glass eyes (shapeshifter)
  35 jumping spiders
  Sigmund (D:3)
  A snapping turtle (shapeshifter) (Vaults:4)
  A jumping spider (shapeshifter) (Vaults:5)
  An ice dragon skeleton (Crypt:3)
  2 black mamba zombies
  A yak (shapeshifter) (D:12)
  2 air elementals
  24 culicivoras
  A vampire (D:14)
  2 ynoxinuls
  9 spriggans
  2 shadows
  13 wraiths
  6 wyverns
  A warg (Orc:1)
  48 yaks
  A black mamba skeleton (Crypt:3)
  An elf zombie (Vaults:2)
  A hog (shapeshifter) (D:15)
  14 starcursed masses
  27 water elementals
  12 vampire mosquitoes
  9 fire elementals
  5 golden eyes (Slime:3)
  4 basilisks
  A neqoxec (Abyss:3)
  2 steam dragons
  A chaos spawn (Depths:4)
  69 redbacks
  Edmund (D:5)
  A yaktaur simulacrum (Vaults:4)
  The ghost of johnj the Cudgeller, an amateur GrMo of the Shining One (D:6)
  2 glowing shapeshifter zombies
  10 hell hounds
  2 acid dragons
  16 water moccasins
  A swamp drake (Zig:9)
  A black bear (shapeshifter) (D:13)
  2 naga skeletons (Crypt:3)
  32 orc warriors
  2 sky beasts
  A cane toad skeleton (Crypt:3)
  An ettin simulacrum (Vaults:3)
  4 black bears
  17 laughing skulls
  14 ogres
  12 wolves
  19 centaurs
  A hog skeleton (Crypt:1)
  2 kobold brigands
  A weeping skull (D:14)
  2 brain worms (Sewer)
  12 bullfrogs
  An earth elemental (Elf:3)
  A glowing shapeshifter simulacrum (Depths:4)
  5 scorpions
  2 gnoll sergeants
  14 wights
  A hornet simulacrum (D:15)
  A water moccasin skeleton (Crypt:3)
  19 killer bees
  3 electric eels
  3 howler monkeys
  A wolf skeleton (Crypt:1)
  2 jellies
  A quasit (Abyss:3)
  Crazy Yiuf (D:2)
  7 orc priests
  7 hounds
  A gnoll bouda (D:7)
  A sleepcap (D:7)
  Jessica (D:3)
  A black bear skeleton (Crypt:3)
  14 orc wizards
  Natasha (thrice) (D:4)
  An iguana (D:7)
  Terence (D:3)
  2 hell rats (D:9)
  2 boggart skeletons
  A centaur simulacrum (D:9)
  A deep dwarf skeleton (Crypt:1)
  A tengu skeleton (Crypt:2)
  4 adders (Sewer)
  18 gnolls
  5 river rats
  A white imp (D:8)
  2 ufetubi (D:6)
  An iguana skeleton (Crypt:1)
  3 dart slugs
  A ribbon worm (D:3)
  62 orcs
  3 bats
  10 endoplasms
  A giant cockroach (D:4)
  10 goblins
  5 hobgoblins
  4 quokkas
  9 ball pythons
  12 frilled lizards
  A frilled lizard zombie (Crypt:2)
  A gnoll skeleton (Crypt:2)
  A goblin zombie (Crypt:1)
  A hobgoblin skeleton (Crypt:2)
  34 kobolds
  9 rats
  A river rat zombie (Crypt:1)
  A spectral orc (D:14)
  An aspiring flesh (Zot:1)
  A spectral weapon (Vaults:1)
  8 tentacles
2637 creatures vanquished.

Vanquished Creatures (collateral kills)
  A shadow dragon (Vaults:4)
  An azure jelly (Slime:5)
  An angel (Shoals:4)
  An apis (Shoals:4)
  A yellow draconian (Zot:4)
  A purple draconian (Zot:4)
  A spark wasp (Spider:4)
  3 vault guards (Vaults:4)
  A merfolk avatar (Shoals:4)
  A vampire mage (Depths:2)
  An orb spider (Spider:1)
  A queen bee (shapeshifter) (D:12)
  A dream sheep (Shoals:4)
  A water elemental (Shoals:4)
  A gnoll sergeant (D:9)
17 creatures vanquished.

Vanquished Creatures (others)
  A golden dragon (Zot:1)
  A draconian monk (Depths:4)
  A fire giant (D:12)
  A broodmother (Spider:4)
  A juggernaut simulacrum (Depths:4)
  2 deep elf knights
  A sun moth (Spider:3)
  A harpy (Shoals:2)
  A frost giant skeleton (Vaults:3)
  An ogre (Vaults:5)
  7 tentacles
18 creatures vanquished.

Grand Total: 2672 creatures vanquished

Notes
Turn   | Place    | Note
-------+----------+-------------------------------------------
     0 | D:1      | Reveillark the Formicid Fighter began the quest for the
                  | Orb.
     0 | D:1      | Reached XP level 1. HP: 18/18 MP: 1/1
    74 | D:1      | Reached XP level 2. HP: 24/24 MP: 2/2
   195 | D:1      | Reached skill level 3 in Axes
   245 | D:1      | Reached XP level 3. HP: 14/29 MP: 3/3
   589 | D:2      | Found an iron altar of Okawaru.
   715 | D:2      | Reached XP level 4. HP: 23/35 MP: 4/4
   873 | D:2      | Found a runed translucent door.
   874 | D:2      | Noticed Crazy Yiuf
  1454 | D:3      | Reached XP level 5. HP: 41/41 MP: 5/5
  1580 | D:3      | Noticed Jessica
  1584 | D:3      | Killed Jessica
  1584 | D:3      | Noticed Terence
  1588 | D:3      | Killed Terence
  1629 | D:3      | Noticed Sigmund
  1639 | D:3      | Killed Sigmund
  1640 | D:3      | Reached skill level 6 in Axes
  1640 | D:3      | Reached XP level 6. HP: 28/47 MP: 6/6
  2087 | D:4      | Reached XP level 7. HP: 23/52 MP: 7/7
  2405 | D:4      | Noticed Natasha
  2411 | D:4      | Killed Natasha
  2427 | D:4      | Found Xesi's Jewellery Emporium.
  2512 | D:4      | Found a staircase to the Ecumenical Temple.
  2521 | Temple   | Entered the Ecumenical Temple
  2622 | D:4      | Found Roneumos's Distillery.
  2624 | D:4      | Noticed Natasha
  2632 | D:4      | Killed Natasha
  2805 | D:4      | Found Kaopt's Assorted Antiques.
  2813 | D:4      | Bought a scroll labelled RUIWKE VEAXUCH for 16 gold pieces
  2813 | D:4      | Bought a scroll labelled RIOZEA MEWKIMI for 16 gold pieces
  2813 | D:4      | Bought an orange potion for 14 gold pieces
  2813 | D:4      | Bought a viscous brown potion for 14 gold pieces
  2813 | D:4      | Bought a potion of might for 64 gold pieces
  2831 | D:4      | Found Jyudi's Distillery.
  2949 | D:4      | Found Bukat's Distillery.
  3070 | D:4      | Noticed Natasha
  3075 | D:4      | Killed Natasha
  3127 | D:5      | Entered Level 5 of the Dungeon
  3292 | D:5      | Found a glowing drain.
  3302 | D:5      | Reached XP level 8. HP: 40/58 MP: 8/8
  3369 | Sewer    | Entered a sewer
  3561 | Sewer    | Reached skill level 9 in Axes
  4063 | D:5      | Found a radiant altar of Vehumet.
  4566 | D:6      | Noticed Edmund
  4586 | D:5      | Killed Edmund
  4780 | D:6      | Reached XP level 9. HP: 65/65 MP: 9/9
  4787 | D:6      | Found a blossoming altar of Fedhas.
  5342 | D:6      | Found a stormy altar of Qazlal.
  5401 | D:6      | Found a runed translucent door.
  5402 | D:6      | Noticed johnj's ghost (amateur GrMo)
  5557 | D:6      | Became a worshipper of Qazlal Stormbringer
  5594 | D:6      | Reached skill level 1 in Invocations
  5976 | D:7      | Found Acvol's Magic Scroll Shop.
  5983 | D:7      | Bought a scroll of brand weapon for 123 gold pieces
  5983 | D:7      | Bought a scroll of enchant armour for 97 gold pieces
  6051 | D:7      | Reached skill level 2 in Invocations
  6143 | D:7      | Reached skill level 6 in Shields
  6495 | D:7      | Reached skill level 3 in Invocations
  6611 | D:7      | Reached * piety under Qazlal
  6623 | D:7      | Reached skill level 4 in Invocations
  6623 | D:7      | Reached XP level 10. HP: 72/74 MP: 11/13
  6900 | D:8      | Noticed Erica
  6910 | D:8      | Killed Erica
  6911 | D:8      | Reached skill level 5 in Invocations
  7084 | D:8      | Found Miyguish's Assorted Antiques.
  7180 | D:8      | Reached ** piety under Qazlal
  7269 | D:8      | Reached skill level 6 in Fighting
  7280 | D:8      | Reached skill level 6 in Armour
  7746 | D:8      | Reached skill level 6 in Invocations
  7942 | D:8      | Noticed a two-headed ogre
  7947 | D:8      | Killed a two-headed ogre
  7948 | D:8      | Reached skill level 7 in Invocations
  7948 | D:8      | Reached XP level 11. HP: 83/83 MP: 16/16
  8157 | D:9      | Found an ornate altar of the Wu Jian Council.
  8161 | D:9      | Found an iron altar of Okawaru.
  8163 | D:9      | Found a basalt altar of Yredelemnul.
  8459 | D:9      | Found a staircase to the Lair.
  8468 | D:9      | Reached skill level 8 in Invocations
  8954 | D:9      | Reached *** piety under Qazlal
  9131 | D:9      | Noticed a rakshasa
  9149 | D:9      | Killed a rakshasa
  9156 | D:9      | Reached skill level 9 in Shields
  9197 | D:9      | Noticed a rakshasa
  9206 | D:9      | Killed a rakshasa
  9207 | D:9      | Reached skill level 9 in Invocations
  9349 | D:9      | Noticed a flayed ghost
  9358 | D:9      | Killed a flayed ghost
  9361 | D:9      | Noticed a boulder beetle
  9364 | D:9      | Killed a boulder beetle
  9419 | D:9      | Reached XP level 12. HP: 89/92 MP: 19/19
  9545 | D:10     | Entered Level 10 of the Dungeon
  9545 | D:10     | Noticed a seven-headed hydra
  9551 | D:9      | Reached skill level 12 in Axes
  9896 | D:10     | Found a hide-covered altar of Uskayaw.
 10391 | D:10     | Killed a seven-headed hydra
 10711 | D:11     | Reached skill level 10 in Invocations
 10867 | D:11     | Noticed a two-headed ogre
 10873 | D:11     | Killed a two-headed ogre
 11232 | D:11     | Reached skill level 9 in Fighting
 11446 | D:12     | Reached skill level 9 in Armour
 11555 | D:12     | Reached **** piety under Qazlal
 11773 | D:12     | Reached XP level 13. HP: 97/101 MP: 20/20
 11853 | D:12     | Noticed a fire giant
 11866 | D:12     | HP: 2/101 [fire giant/fireball (19)]
 11866 | D:12     | Killed a fire giant
 12380 | D:12     | Reached skill level 11 in Invocations
 12392 | D:12     | Found a staircase to the Orcish Mines.
 12945 | D:2      | Killed Crazy Yiuf
 13068 | D:6      | Killed johnj's ghost
 13125 | D:4      | Bought the amulet of Vitality {Regen++ RegenMP++} for 1100
                  | gold pieces
 13125 | D:4      | Found the amulet of Vitality {Regen++ RegenMP++}
 13213 | Lair:1   | Entered Level 1 of the Lair of Beasts
 13299 | Lair:1   | Noticed a catoblepas
 13315 | Lair:1   | Killed a catoblepas
 13512 | Lair:1   | Noticed Prince Ribbit
 13534 | Lair:1   | Killed Prince Ribbit
 13775 | Lair:1   | Reached skill level 12 in Shields
 14420 | Lair:1   | Reached XP level 14. HP: 110/111 MP: 22/22
 14581 | Lair:2   | Reached ***** piety under Qazlal
 14649 | Lair:2   | Identified the +4 flail of Tafann {venom, rF+ rCorr Int+4}
 14917 | Lair:2   | Identified the +4 mace of Fupt {heavy, *Slow Str+3 SInv}
 14970 | Lair:2   | Found a hole to the Spider Nest.
 15274 | Lair:2   | Found a staircase to the Shoals.
 15398 | Lair:3   | Reached skill level 12 in Invocations
 15517 | Lair:3   | Found an ancient bone altar of Kikubaaqudgha.
 16109 | Lair:4   | Reached skill level 15 in Axes
 16764 | Lair:5   | Entered Level 5 of the Lair of Beasts
 17088 | Lair:5   | Noticed Nessos
 17130 | Lair:5   | Killed Nessos
 17131 | Lair:5   | Reached XP level 15. HP: 112/119 MP: 24/24
 17216 | Lair:5   | Found a viscous altar of Jiyva.
 17216 | Lair:5   | Found a staircase to the Slime Pits.
 17228 | Lair:5   | Identified the +1 ring mail "Puur" {Int+3}
 17296 | Lair:5   | Reached skill level 13 in Invocations
 17412 | Lair:5   | Found a burning altar of Makhleb.
 17476 | Lair:5   | Found a gateway to Hell.
 17870 | Lair:5   | Reached skill level 12 in Fighting
 18316 | Orc:1    | Entered Level 1 of the Orcish Mines
 18336 | Orc:1    | Reached skill level 12 in Armour
 18517 | Orc:2    | Entered Level 2 of the Orcish Mines
 18638 | Orc:2    | Found a roughly hewn altar of Beogh.
 18713 | Orc:2    | Found a staircase to the Elven Halls.
 18834 | Orc:1    | Noticed an orc warlord
 18848 | Orc:1    | Killed an orc warlord
 18851 | Orc:1    | Reached ****** piety under Qazlal
 19329 | Orc:2    | Found Enoshrin's Assorted Antiques.
 19329 | Orc:2    | Found Dajov's General Store.
 19335 | Orc:2    | Found Omudirchu's Distillery.
 19337 | Orc:2    | Found Mamao's Jewellery Shop.
 19342 | Orc:2    | Bought a scroll of butterflies for 44 gold pieces
 19342 | Orc:2    | Bought a scroll of fear for 44 gold pieces
 19342 | Orc:2    | Bought a potion of curing for 33 gold pieces
 19342 | Orc:2    | Bought a scroll of identify for 22 gold pieces
 19742 | D:13     | Reached XP level 16. HP: 126/129 MP: 26/26
 19841 | D:13     | Got the Volume of the Glowing Mob
 19845 | D:13     | Found a gate to the Vaults.
 20033 | D:14     | Noticed Jorgrun
 20073 | D:14     | Reached skill level 14 in Invocations
 20095 | D:14     | Killed Jorgrun
 20096 | D:14     | Reached skill level 1 in Dodging
 20199 | D:14     | Found a basalt altar of Yredelemnul.
 20720 | D:15     | Entered Level 15 of the Dungeon
 20736 | D:15     | Reached skill level 15 in Shields
 20884 | D:15     | Identified the +7 flail "Killer Bee's Curse" {drain, rPois
                  | Str+3}
 21206 | D:15     | Identified the +4 scale mail of Piptor {rPois Regen+}
 21339 | D:15     | Found a staircase to the Depths.
 21710 | Spider:1 | Entered Level 1 of the Spider Nest
 21714 | Spider:1 | Reached skill level 3 in Dodging
 21862 | Spider:1 | Noticed an emperor scorpion
 21871 | Spider:1 | Killed an emperor scorpion
 21872 | Spider:1 | Reached XP level 17. HP: 102/137 MP: 28/28
 23098 | Spider:2 | Reached skill level 15 in Invocations
 23277 | Spider:2 | Noticed Arachne
 23297 | Spider:2 | Killed Arachne
 23485 | Spider:2 | Reached skill level 18 in Axes
 24259 | Spider:3 | Reached XP level 18. HP: 146/147 MP: 29/29
 25276 | Spider:4 | Entered Level 4 of the Spider Nest
 25361 | Spider:4 | Reached skill level 15 in Fighting
 25439 | Spider:4 | Reached skill level 15 in Armour
 25786 | Spider:4 | Reached skill level 1 in Spellcasting
 25833 | Spider:4 | Reached skill level 3 in Spellcasting
 25874 | Spider:4 | Identified the scarf "Macs" {+Inv, Slay+3 SInv}
 25880 | Spider:4 | Got a gossamer rune of Zot
 26382 | D:4      | Bought 2 potions of cancellation for 160 gold pieces
 26382 | D:4      | Bought a potion of curing for 30 gold pieces
 26382 | D:4      | Bought a potion of curing for 30 gold pieces
 26382 | D:4      | Bought a potion of might for 40 gold pieces
 26505 | Shoals:1 | Entered Level 1 of the Shoals
 26621 | Shoals:1 | Reached XP level 19. HP: 155/155 MP: 30/30
 26980 | Shoals:1 | Reached skill level 6 in Spellcasting
 27384 | Shoals:1 | Learned a level 4 spell: Manifold Assault
 27893 | Shoals:2 | Identified the +2 battleaxe of the Horn {venom, Stlth+}
 28325 | Shoals:3 | Noticed Ilsuiw
 28333 | Shoals:3 | Reached skill level 9 in Spellcasting
 28344 | Shoals:2 | HP: 7/155 [poisoned by a sea snake]
 28446 | Shoals:3 | Killed Ilsuiw
 28463 | Shoals:3 | Found a transporter.
 28473 | Shoals:3 | Noticed Acaowk's ghost (adept VSBr)
 28475 | Shoals:3 | Found a bloodstained altar of Trog.
 28499 | Shoals:3 | Found a transporter.
 28632 | Shoals:3 | Reached skill level 1 in Translocations
 28642 | Shoals:3 | Identified 2 scrolls of acquirement
 28665 | Shoals:3 | Acquired a manual of Translocations
 28666 | Shoals:3 | Acquired 745 gold pieces
 28705 | Shoals:3 | Reached skill level 3 in Translocations
 29304 | Shoals:3 | Reached skill level 6 in Translocations
 29329 | Shoals:3 | Killed Acaowk's ghost
 29362 | Shoals:3 | Identified the staff of the Wilderness {rElec Str+2 Air}
 29423 | Shoals:4 | Entered Level 4 of the Shoals
 29588 | Shoals:4 | Reached skill level 9 in Translocations
 29610 | Shoals:4 | Reached XP level 20. HP: 136/162 MP: 34/34
 29792 | Shoals:4 | Found a glowing golden altar of the Shining One.
 29909 | Shoals:4 | Reached skill level 12 in Translocations
 29958 | Shoals:4 | Found a glowing silver altar of Zin.
 30098 | Shoals:4 | Identified the staff "Moddaph" {rF+ Dex+5 Fire}
 30126 | Shoals:4 | Identified the +1 buckler of Vunwoim {^Contam +Inv rN+
                  | Int+3}
 30197 | Shoals:4 | Found a white marble altar of Elyvilon.
 30457 | Shoals:4 | Got a barnacled rune of Zot
 30891 | Elf:1    | Entered Level 1 of the Elven Halls
 31079 | Elf:1    | Noticed Donald
 31087 | Elf:1    | Killed Donald
 31421 | Elf:1    | Noticed Roxanne
 31429 | Elf:1    | Killed Roxanne
 31907 | Elf:2    | Noticed Azrael
 31917 | Elf:2    | Killed Azrael
 32103 | Elf:2    | Reached XP level 21. HP: 151/168 MP: 35/35
 32132 | Elf:2    | Found a runed translucent gate.
 32133 | Elf:2    | Found a runed translucent gate.
 32134 | Elf:2    | Found a runed translucent gate.
 32135 | Elf:2    | Reached skill level 15 in Translocations
 32924 | Elf:3    | Entered Level 3 of the Elven Halls
 33757 | Elf:3    | Reached skill level 6 in Dodging
 33780 | Elf:3    | Noticed a Brimstone Fiend
 33891 | Elf:3    | Reached XP level 22. HP: 174/176 MP: 36/36
 33932 | Elf:3    | Identified the +3 leather armour "Jubab" {rC+ rN+ Will-}
 33937 | Elf:3    | Got the Codex of Vibrant Albedo
 33944 | Elf:3    | Identified the ring of Qacaon {rN+ Str+3 Slay+3}
 33945 | Elf:3    | Identified the amulet of the Invisible Hand {Spirit
                  | ^Fragile +Inv rPois MP+9 Dex+3}
 33955 | Elf:3    | Identified the +2 dagger of the Lonely Wishes {drain,
                  | +Blink Str+2}
 34018 | Elf:3    | Found the amulet of the Air {Inacc Air Fly rElec RMsl}
 34019 | Elf:3    | Identified the +9 spear of Cyzyhion {elec, rPois rN+}
 34486 | D:4      | Bought a potion of resistance for 120 gold pieces
 34486 | D:4      | Bought a potion of mutation for 96 gold pieces
 34486 | D:4      | Bought a potion of invisibility for 96 gold pieces
 34486 | D:4      | Bought a potion of curing for 36 gold pieces
 34673 | Vaults:1 | Entered Level 1 of the Vaults
 34674 | Vaults:1 | Upgraded the game from 0.32-a0-768-g0f6f1dd4b9 to
                  | 0.32-a0-779-g362cfcae2a
 34675 | Vaults:1 | Identified the +4 robe of Winter {rN+ Will+}
 34675 | Vaults:1 | Noticed Boris
 34690 | Vaults:1 | Killed Boris
 35160 | Vaults:1 | Noticed Asterion
 35169 | Vaults:1 | Killed Asterion
 35288 | Abyss:3  | Cast into level 3 of the Abyss (vault warden)
 35377 | Abyss:3  | Found a corrupted altar of Lugonu.
 35386 | Abyss:3  | Reached skill level 16 in Invocations
 35391 | Abyss:3  | Found a corrupted altar of Lugonu.
 35429 | Vaults:1 | Escaped the Abyss
 35878 | Vaults:2 | Identified the +3 robe "Omeomapnet" {rElec}
 35878 | Vaults:2 | Noticed Boris
 35884 | Vaults:2 | Killed Boris
 35936 | Vaults:2 | Found Beacwet's Weapon Boutique.
 36394 | Vaults:2 | Reached XP level 23. HP: 184/184 MP: 38/38
 36404 | Vaults:2 | Found a staircase to the Crypt.
 37210 | Vaults:3 | Found a flickering gateway to a bazaar.
 37223 | Bazaar   | Entered a bazaar
 37223 | Bazaar   | Found Nynuerax's Antique Weapon Boutique.
 37239 | Bazaar   | Found Moarheh's Jewellery Emporium.
 37247 | Bazaar   | Found Heogyegh's General Store.
 37255 | Bazaar   | Bought a scroll of brand weapon for 123 gold pieces
 37258 | Bazaar   | Found Aphiad's Antique Armour Boutique.
 37266 | Bazaar   | Bought a pair of glowing boots for 120 gold pieces
 37269 | Bazaar   | Found Ecos's Distillery.
 37277 | Bazaar   | Bought a potion of heal wounds for 35 gold pieces
 37277 | Bazaar   | Bought 2 potions of heal wounds for 70 gold pieces
 37277 | Bazaar   | Bought a potion of mutation for 56 gold pieces
 37277 | Bazaar   | Bought a potion of mutation for 56 gold pieces
 37277 | Bazaar   | Bought a potion of curing for 21 gold pieces
 37277 | Bazaar   | Bought a potion of curing for 21 gold pieces
 37277 | Bazaar   | Bought a potion of cancellation for 56 gold pieces
 38908 | Vaults:4 | Reached skill level 12 in Spellcasting
 39253 | Vaults:4 | Noticed Bai Suzhen
 39266 | Vaults:4 | Killed Bai Suzhen
 39273 | Vaults:4 | Reached XP level 24. HP: 190/193 MP: 37/39
 39856 | Depths:1 | Entered Level 1 of the Depths
 39856 | Depths:1 | Found a one-way gateway to a ziggurat.
 39987 | Depths:1 | Reached skill level 17 in Invocations
 40068 | Depths:1 | Identified the +1 spear "Jiurghuxt" {holy, +Blink rElec
                  | Str+2}
 40103 | Depths:1 | Identified the +3 robe "Fuanout" {^Contam +Blink rPois}
 40103 | Depths:1 | Noticed Boris
 40111 | Depths:1 | Killed Boris
 40386 | Depths:1 | Found a sacrificial altar of Ru.
 41069 | Depths:2 | Reached skill level 21 in Axes
 41073 | Depths:2 | Noticed a juggernaut
 41082 | Depths:2 | Killed a juggernaut
 41212 | Depths:2 | Found a one-way gate leading to the halls of Pandemonium.
 41651 | Depths:2 | Found a snail-covered altar of Cheibriados.
 42133 | Depths:3 | Reached skill level 9 in Dodging
 42136 | Depths:3 | Reached skill level 18 in Shields
 42192 | Depths:3 | Reached skill level 18 in Translocations
 42197 | Depths:3 | Reached XP level 25. HP: 196/201 MP: 22/39
 42437 | Depths:3 | Found a corrupted altar of Lugonu.
 42437 | Depths:3 | Found a one-way gate to the infinite horrors of the Abyss.
 43038 | Depths:3 | Identified the +1 spear of Conformity {chaos, rPois Stlth+}
 43080 | Depths:4 | Entered Level 4 of the Depths
 43080 | Depths:4 | Found a hazy altar of Hepliaklqana.
 43131 | Depths:4 | Noticed Sojobo
 43153 | Depths:3 | Killed Sojobo
 43402 | Depths:4 | Reached skill level 18 in Invocations
 43405 | Depths:4 | Identified the +2 robe of the Blizzard {Will+ rCorr Slay-4}
 43405 | Depths:4 | Noticed Boris
 43414 | Depths:4 | Killed Boris
 43415 | Depths:4 | Identified the ring of the Salmon {Ice rPois Int+3 Slay+5
                  | Stlth+}
 43415 | Depths:4 | Noticed Josephina
 43437 | Depths:4 | Killed Josephina
 43499 | Depths:4 | Found a gate to the Realm of Zot.
 43628 | Depths:4 | Reached skill level 18 in Fighting
 43916 | Depths:4 | Noticed the Enchantress
 43973 | Depths:4 | Killed the Enchantress
 45668 | Crypt:1  | Entered Level 1 of the Crypt
 45812 | Crypt:1  | Reached XP level 26. HP: 210/212 MP: 31/39
 45924 | Crypt:1  | Found a transporter.
 45943 | Crypt:1  | Found a transporter.
 45986 | Crypt:1  | Noticed a dread lich
 46194 | Crypt:1  | Learned a level 3 spell: Fugue of the Fallen
 46311 | Crypt:1  | Reached skill level 1 in Necromancy
 46318 | Crypt:1  | Killed a dread lich
 46387 | Crypt:1  | Identified the +0 pair of boots "Acuhif" {+Inv rC+ Dex+3}
 46471 | Crypt:2  | Reached skill level 18 in Armour
 46512 | Crypt:2  | Identified the +3 robe of the Harvest Moon {Dex+2}
 46512 | Crypt:2  | Noticed Boris
 46521 | Crypt:2  | Killed Boris
 46541 | Crypt:2  | Noticed Vv
 46551 | Crypt:2  | Killed Vv
 46583 | Crypt:2  | Identified the ring of Qafuerph {Fly MP+9 Str+3}
 46613 | Crypt:2  | Identified the +8 falchion of the Candelabrum {heavy,
                  | Dex+4}
 46632 | Crypt:2  | Reached skill level 19 in Invocations
 46734 | Crypt:2  | Reached skill level 3 in Necromancy
 47222 | Crypt:3  | Entered Level 3 of the Crypt
 47375 | Crypt:3  | Noticed an ancient lich
 47380 | Crypt:3  | Killed an ancient lich
 47406 | Crypt:3  | Found a staircase to the Tomb.
 47570 | Crypt:3  | Found a basalt altar of Yredelemnul.
 47598 | Crypt:3  | Noticed an ancient lich
 47609 | Crypt:3  | Killed an ancient lich
 47668 | Crypt:3  | Got the Cyclopedia of Shadows
 49401 | Vaults:5 | Entered Level 5 of the Vaults
 49409 | Vaults:4 | Reached XP level 27. HP: 190/222 MP: 39/39
 49454 | Vaults:5 | Reached skill level 6 in Necromancy
 49675 | Vaults:4 | Reached skill level 20 in Invocations
 49757 | Vaults:5 | Noticed Jory
 49788 | Vaults:4 | Killed Jory
 49808 | Vaults:5 | Noticed an ancient lich
 49841 | Vaults:4 | Killed an ancient lich
 50154 | Vaults:5 | Got Zusomeci's Tome of Takwin and Wanderlust
 50155 | Vaults:5 | Identified the +1 glaive of Wounding {drain, rN+ Str+3
                  | Stlth+}
 50252 | Vaults:5 | Identified the staff of Aliex {rPois rC+ Str-5 Necro Ice}
 50325 | Vaults:5 | Acquired a manual of Stealth
 50547 | Vaults:5 | Got a silver rune of Zot
 51473 | Slime:1  | Entered Level 1 of the Pits of Slime
 52106 | Slime:3  | Gained mutation: You are dopey. (Int -2) [a shining eye]
 52110 | Slime:3  | Gained mutation: You are vulnerable to heat. (rF-) [a
                  | shining eye]
 52115 | Slime:3  | Gained mutation: Your health recovers twice as slowly from
                  | being drained. [a shining eye]
 52125 | Slime:3  | Gained mutation: You are frail. (-10% HP) [a shining eye]
 52391 | Slime:4  | Reached skill level 21 in Invocations
 52486 | Slime:3  | Lost mutation: You are dopey. (Int -2) [a shining eye]
 52492 | Slime:3  | Lost mutation: You are vulnerable to heat. (rF-) [a shining
                  | eye]
 52681 | Slime:5  | Entered Level 5 of the Pits of Slime
 53170 | Slime:5  | Noticed the Royal Jelly
 53183 | Slime:5  | Killed the Royal Jelly
 53231 | Slime:5  | Identified the +0 ice dragon scales "Dosa" {+Inv rF- rC++
                  | Str+3 SInv Stlth+}
 53247 | Slime:5  | Identified the +1 morningstar of Circular Logic {drain, Fly
                  | Will+}
 53258 | Slime:5  | Got a slimy rune of Zot
 53259 | Slime:5  | Identified the ring of Lutemn {rElec rN+ Str+6 Int+2 Dex-4}
 53298 | Slime:5  | Identified the +7 flail of Wrath {elec, rElec Int-4 Dex+5}
 54112 | Zig:1    | Entered Level 1 of a ziggurat
 54132 | Zig:2    | Entered Level 2 of a ziggurat
 54161 | Zig:3    | Entered Level 3 of a ziggurat
 54206 | Zig:4    | Entered Level 4 of a ziggurat
 54260 | Zig:4    | Identified the +9 plate armour "Mife" {*Slow rN+ rCorr
                  | Dex+3}
 54262 | Zig:4    | Identified the ring of Zegaeff {rPois rF++}
 54278 | Zig:5    | Entered Level 5 of a ziggurat
 54343 | Zig:5    | Identified the +0 scale mail of Dithmenos, Thieving {Regen+
                  | Int+2}
 54345 | Zig:5    | Identified the +0 scimitar of Triumph {freeze, +Blink rF+}
 54359 | Zig:6    | Entered Level 6 of a ziggurat
 54421 | Zig:7    | Entered Level 7 of a ziggurat
 54428 | Zig:7    | Reached skill level 21 in Fighting
 54470 | Zig:7    | Got Xeosm's Incunable of the Earthen Dead
 54482 | Zig:8    | Entered Level 8 of a ziggurat
 54492 | Zig:8    | Noticed Seng the pandemonium lord
 54506 | Zig:8    | Killed Seng the pandemonium lord
 54559 | Zig:8    | Identified the +3 fire dragon scales of Tyrileuch {rElec
                  | rF++ rC- Regen+ Int+2}
 54570 | Zig:8    | Identified the staff of Iliritze {rC+ rCorr Ice}
 54581 | Zig:9    | Entered Level 9 of a ziggurat
 54635 | Zig:9    | Found the +8 longbow "Zephyr" {speed, Dex+3 SInv}
 54658 | Zig:9    | Identified the +3 shortbow of Cowardice {heavy, rC+ rCorr
                  | Dex+3}
 54674 | Zig:10   | Entered Level 10 of a ziggurat
 54693 | Zig:10   | Reached skill level 22 in Invocations
 54700 | Zig:10   | Gained mutation: You occasionally lose the ability to read
                  | scrolls when taking damage. [a shining eye]
 54724 | Zig:10   | Identified the +5 short sword "Xannum" {venom, Str+2 Int+2}
 54725 | Zig:10   | Identified the +8 quarterstaff "Ejoatrox" {heavy, Fly Str-3
                  | Dex+2}
 54735 | Zig:10   | Identified the +7 flail "Newtbane" {protect, Str+3}
 54740 | Zig:11   | Entered Level 11 of a ziggurat
 54764 | Zig:11   | Reached skill level 21 in Shields
 54863 | Zig:11   | Got the Grimoire of Phantasmal Bombardment
 54936 | Depths:1 | Lost mutation: You are frail. (-10% HP) [potion of
                  | mutation]
 54936 | Depths:1 | Lost mutation: Your health recovers twice as slowly from
                  | being drained. [potion of mutation]
 54936 | Depths:1 | Gained mutation: Your body sometimes deteriorates upon
                  | taking damage. [potion of mutation]
 54936 | Depths:1 | Gained mutation: Your spells are a little harder to cast,
                  | but a little more powerful. [potion of mutation]
 54936 | Depths:1 | Gained mutation: You are somewhat resistant to further
                  | mutation. [potion of mutation]
 54937 | Depths:1 | Lost mutation: You occasionally lose the ability to read
                  | scrolls when taking damage. [potion of mutation]
 54937 | Depths:1 | Lost mutation: Your body sometimes deteriorates upon taking
                  | damage. [potion of mutation]
 54937 | Depths:1 | Lost mutation: Your spells are a little harder to cast, but
                  | a little more powerful. [potion of mutation]
 55078 | Zot:1    | Entered Level 1 of the Realm of Zot
 55121 | Zot:1    | Got the Secrets of Sparks and Frostbite
 55172 | Zot:1    | Reached skill level 24 in Axes
 55523 | Zot:1    | Found an opulent altar of Gozag.
 55771 | Zot:2    | Noticed a Killer Klown
 55776 | Zot:2    | Killed a Killer Klown
 56087 | Zot:2    | Noticed an orb of fire
 56107 | Zot:2    | Killed an orb of fire
 56418 | Zot:2    | Reached skill level 23 in Invocations
 56666 | Zot:3    | Noticed a Killer Klown
 56676 | Zot:3    | Killed a Killer Klown
 56901 | Zot:3    | Noticed a dread lich
 56913 | Zot:3    | Killed a dread lich
 57155 | Zot:3    | Noticed a dread lich
 57162 | Zot:3    | Killed a dread lich
 57620 | Zot:3    | Identified the +11 short sword of Tiaskaxzo {venom, *Noise
                  | rN+ Str+10 Int-3}
 58219 | Zot:4    | Reached skill level 24 in Invocations
 58401 | Zot:4    | Noticed an orb of fire
 58427 | Zot:4    | Killed an orb of fire
 58983 | Zot:5    | Entered Level 5 of the Realm of Zot
 59415 | Zot:5    | Noticed a dread lich
 59417 | Zot:5    | Noticed a dread lich
 59423 | Zot:5    | Killed a dread lich
 59430 | Zot:5    | Killed a dread lich
 59432 | Zot:5    | Noticed an orb of fire
 59437 | Zot:5    | Gained mutation: You are weak. (Str -2) [an orb of fire]
 59442 | Zot:5    | Killed an orb of fire
 59524 | Zot:5    | Noticed an orb of fire
 59527 | Zot:5    | Gained mutation: You are clumsy. (Dex -2) [an orb of fire]
 59527 | Zot:5    | Noticed an orb of fire
 59531 | Zot:5    | Noticed a dread lich
 59532 | Zot:5    | Noticed a Killer Klown
 59536 | Zot:5    | Noticed a Killer Klown
 59540 | Zot:5    | Noticed a Killer Klown
 59544 | Zot:5    | Noticed a dread lich
 59546 | Zot:5    | Noticed an orb of fire
 59548 | Zot:5    | Killed a dread lich
 59551 | Zot:5    | Killed an orb of fire
 59551 | Zot:5    | Gained mutation: Your body sometimes deteriorates upon
                  | taking damage. [an orb of fire]
 59552 | Zot:5    | Reached skill level 21 in Armour
 59552 | Zot:5    | Reached skill level 25 in Invocations
 59552 | Zot:5    | Noticed a Killer Klown
 59555 | Zot:5    | Gained mutation: You do not regenerate when monsters are
                  | visible. [an orb of fire]
 59557 | Zot:5    | Gained mutation: Armour fits poorly on your strangely
                  | shaped body. [an orb of fire]
 59561 | Zot:5    | Killed a dread lich
 59562 | Zot:5    | Reached skill level 24 in Fighting
 59562 | Zot:5    | Killed an orb of fire
 59562 | Zot:5    | Noticed a Killer Klown
 59562 | Zot:5    | Noticed an ancient lich
 59563 | Zot:5    | Noticed a Killer Klown
 59565 | Zot:5    | Killed a Killer Klown
 59566 | Zot:5    | Killed a Killer Klown
 59566 | Zot:5    | Killed an ancient lich
 59566 | Zot:5    | Killed a Killer Klown
 59566 | Zot:5    | Killed a Killer Klown
 59566 | Zot:5    | Killed a Killer Klown
 59566 | Zot:5    | Killed an orb of fire
 59573 | Zot:5    | Killed a Killer Klown
 59638 | Zot:5    | Noticed a dread lich
 59646 | Zot:5    | Killed a dread lich
 60093 | Zot:5    | Lost mutation: You are weak. (Str -2) [potion of mutation]
 60093 | Zot:5    | Lost mutation: Your body sometimes deteriorates upon taking
                  | damage. [potion of mutation]
 60093 | Zot:5    | Lost mutation: Armour fits poorly on your strangely shaped
                  | body. [potion of mutation]
 60094 | Zot:5    | Lost mutation: You are clumsy. (Dex -2) [potion of
                  | mutation]
 60094 | Zot:5    | Lost mutation: You are somewhat resistant to further
                  | mutation. [potion of mutation]
 60094 | Zot:5    | Gained mutation: You are clumsy. (Dex -2) [potion of
                  | mutation]
 60094 | Zot:5    | Gained mutation: You are robust. (+10% HP) [potion of
                  | mutation]
 60094 | Zot:5    | Gained mutation: Your health recovers twice as slowly from
                  | being drained. [potion of mutation]
 60095 | Zot:5    | Lost mutation: You do not regenerate when monsters are
                  | visible. [potion of mutation]
 60095 | Zot:5    | Lost mutation: You are clumsy. (Dex -2) [potion of
                  | mutation]
 60095 | Zot:5    | Gained mutation: You occasionally lose the ability to drink
                  | potions when taking damage. [potion of mutation]
 60096 | Zot:5    | Lost mutation: Your health recovers twice as slowly from
                  | being drained. [potion of mutation]
 60096 | Zot:5    | Lost mutation: You occasionally lose the ability to drink
                  | potions when taking damage. [potion of mutation]
 60096 | Zot:5    | Gained mutation: You are clumsy. (Dex -2) [potion of
                  | mutation]
 60096 | Zot:5    | Gained mutation: Your muscles are strong. (Str +4, Int/Dex
                  | -1) [potion of mutation]
 60105 | Zot:5    | Got the Orb of Zot
 60520 | Depths:1 | Noticed Naeqir the pandemonium lord
 60552 | D:15     | Reached skill level 26 in Invocations
 60854 | D:2      | Noticed Coiplaos the pandemonium lord
 60899 | D:$      | Escaped with the Orb!

Illustrated notes

Levels and vault maps discovered:
D:1:      minmay_arrival_up_and_down, layout_rooms
D:2:      minmay_angry_zag, layout_loops_ring, basic_altar, minmay_tall_x,
          uniq_crazy_yiuf_cottage
D:3:      layout_loops_ring, uniq_sigmund, uniq_terence, uniq_jessica
D:4:      layout_loops_cross, minmay_temple_entry_nine_rooms, serial_shops,
          nicolae_shop_tiny_statue_garden, shop, shop, shop,
          nicolae_shop_crystal, uniq_natasha
D:5:      layout_loops_cross, fiery_altar_vehumet, portal_sewer_entry_c
D:6:      layout_cave_pools, lemuel_coloured_pillars_altar, lemuel_round_altar,
          gammafunk_ghost_grave, uniq_edmund
D:7:      layout_basic, serial_shops, shop, minmay_crystal_room
D:8:      kennysheep_kobold_camp, layout_gridville, enter_bailey_3,
          serial_shops, nicolae_shop_window_shopping, nrook_loot_triangle,
          uniq_erica
D:9:      minmay_klotski, layout_grid_maze, gammafunk_temple_overflow_forgotten,
          dpeg_lair_monsters
D:10:     layout_loops_ring, nicolae_uskayaw_murder_on_the_dancefloor,
          minmay_protected_statue
D:11:     layout_cave_pools
D:12:     evilmike_horseshoe, layout_basic, orc_0_dummy
D:13:     layout_rooms, erik_vaults_1
D:14:     layout_rooms, kennysheep_doodads, yredelemnul_forgotten_temple_becter,
          uniq_jorgrun
D:15:     gammafunk_enter_depths_forms, layout_irregular_city, serial_bayou,
          serial_bayou_pond_c, serial_bayou_lake_a, serial_bayou_crossing,
          serial_bayou_pond_c
Temple:   bh_familiar_temple
Lair:1:   layout_gridlike, serial_bayou_pond_a, chequers_serial_rivers_micro_e,
          wad_woods_01, uniq_prince_ribbit2
Lair:2:   layout_regular_city, elwin_shoals_entry_rooms, spider_nest_entry_a,
          hangedman_lair_unloving_vines, chequers_serial_rivers_micro_a,
          beast_lair_carwin_4, lemuel_fruit_tree
Lair:3:   layout_chaotic_city, basic_altar, minmay_holes,
          infiniplex_staircase_pool
Lair:4:   layout_misc_corridors, grunt_megastairs_5
Lair:5:   evil_forest, layout_cave_pods, dpeg_slime_entry_enclosed,
          serial_bayou_shore_b, infiniplex_staircase_pool_2, uniq_nessos
Shoals:1: layout_shoals
Shoals:2: layout_shoals, nicolae_shoals_this_corrosion
Shoals:3: layout_shoals, gammafunk_ghost_wrathful_warriors, abandoned_shop,
          uniq_ilsuiw
Shoals:4: shoals_end_hellmonk_holy_island
Spider:1: layout_chambers, nicolae_spider_swamp_cousins
Spider:2: nicolae_spider_brood_tunnel, uniq_arachne
Spider:3: layout_cave_pods
Spider:4: grunt_spider_rune_parallel
Slime:1:  layout_caves
Slime:2:  layout_caves
Slime:3:  layout_caves
Slime:4:  layout_caves
Slime:5:  slime_pit_nicolae_royal_road_to_ruin
Orc:1:    layout_caves
Orc:2:    st_orc_rangers, layout_diamond_mine, basic_altar
Elf:1:    minmay_elf_arrival_circle, layout_loops_corners,
          nicolae_elf_blasts_and_bolts, uniq_donald, uniq_roxanne
Elf:2:    nicolae_elf_blades_splatter_lattice [nicolae_blade_bullseye],
          layout_onion_city, palyth_stone_intersect, minmay_misc_feat_alley,
          uniq_azrael
Elf:3:    minmay_elf_hall_four_x, layout_loops_cross
Vaults:1: ontoclasm_vaults_ring_small, nicolae_vaults_stepped_doors,
          nicolae_vaults_offset_grid_hallway_3, nicolae_vaults_trapezoid_2,
          nicolae_vaults_closet_pinwheel_5, nicolae_vaults_what_the_h,
          nicolae_vaults_three_branches, nicolae_vaults_trapezoid_2,
          nicolae_vaults_little_squares_1, vaults_mumra_minichess_inversion,
          nicolae_vaults_mini_display_case, layout_vaults_ring, uniq_boris,
          uniq_asterion
Vaults:2: ontoclasm_vaults_bender, nicolae_vaults_meiosis,
          minmay_crypt_entry_simple_box, nicolae_vaults_door_testing_chamber,
          st_squares, hangedman_vaults_variations, nicolae_vaults_cochlea,
          vaults_dpeg_emergency_exit, nicolae_vaults_taking_the_gang_shopping,
          nicolae_vaults_tetromino_Z_2, layout_vaults_omnicross
Vaults:3: hangedman_vaults_cutoff, nicolae_vaults_wrenched, minmay_orc_keep,
          nicolae_vaults_border_crossing, nicolae_vaults_little_squares_1,
          nicolae_vaults_variable_pillar_hall, nicolae_vaults_two_Ls,
          vaults_room_fours, layout_vaults_omnigrid, serial_shops, bzr_firewalk
Vaults:4: ontoclasm_vaults_claustrophobia, nicolae_vaults_hexular_roomagon,
          v_rooms_4, grunt_vaults_hallway_short, vaults_dpeg_ring,
          nicolae_vaults_puzzle_piece, serial_ice_m, grunt_vaults_funnel,
          nicolae_vaults_trapezoid_3, v_misc_28,
          nicolae_vaults_offset_grid_hallway_4, nicolae_vaults_trapezoid_4,
          nicolae_vaults_storage_room_statues, v_misc_12,
          layout_vaults_maze_snakey, uniq_bai_suzhen
Vaults:5: uniq_jory
Crypt:1:  gammafunk_the_bubble [the_bubble_gammafunk_crates],
          layout_misc_corridors
Crypt:2:  layout_chaotic_city, uniq_vv
Crypt:3:  church_of_pain_bobbens, layout_chaotic_city, st_small_mortuary
Depths:1: layout_honeycomb, enter_ziggurat_b, pf_hell_entry_tar_river,
          glass_columns_a, drop_trap, nicolae_ru_path_of_blood
Depths:2: nzn_winding_woodlands_small [nzn_winding_woodlands_5x15_garden,
          nzn_winding_woodlands_center_triple_pond,
          nzn_winding_woodlands_5x15_cabin], layout_honeycomb,
          rand_demon_pan_entry_3, hell_entry, slow_altar_1,
          kennysheep_random_hallway, serial_bayou_shore_b
Depths:3: cheibrodos_tormentor_scu, layout_cave_pools, abyss_entry_flame_altar,
          serial_glass, glass_columns_a, glass_columns_b, pan_entry,
          columned_hall_lemuel, lightli_too_deep
Depths:4: regret_index_infernal_bastille, layout_basic, pf_dread_powers_of_hell,
          nicolae_hepliaklqana_hazy_memory, abyss_entry_small_statue_room,
          uniq_sojobo, uniq_josephina, uniq_enchantress
Zot:1:    layout_onion_interference, regret_index_zotdec_serpentine_scales,
          regret_index_zotdec_silver_v_v_orig_slice
Zot:2:    layout_gridlike
Zot:3:    hellmonk_paralyzer, layout_basic
Zot:4:    layout_gridlike, hangedman_zot_decor_tridents, grunt_ministairs_2
Zot:5:    layout_cathedral_of_symmetry, lemuel_golem_globe

Skill      XL: |  1  2  3  4  5  6  7  8  9 10 11 12 13 14 15 16 17 18 19 20 21 22 23 24 25 26 27 |
---------------+----------------------------------------------------------------------------------+-----
Axes           | 3 4 6 7 8 10 11 13 14 15 16 17 18 20 21 22 24 | 24.0
Fighting       | 5 6 8 9 10 11 12 13 14 15 16 17 18 19 24 | 24.9
Armour         | 5 6 8 9 10 11 12 13 14 15 16 17 18 21 | 21.5
Shields        | 6 8 9 11 12 13 14 15 16 17 18 19 23 | 23.4
Invocations    | 4 7 9 10 11 12 13 14 15 16 17 18 19 26 | 26.1
Dodging        | 3 5 6 7 8 9 10 | 10.0
Spellcasting   | 4 10 11 12 | 12.0
Translocations | 9 14 15 16 17 18 | 18.0
Necromancy     | 5 8 |  8.0

Action                     |  1- 3 |  4- 6 |  7- 9 | 10-12 | 13-15 | 16-18 | 19-21 | 22-24 | 25-27 || total
---------------------------+-------+-------+-------+-------+-------+-------+-------+-------+-------++-------
  Melee: War axe           |    59 |    36 |       |       |       |       |       |       |       ||    95
         Trident           |       |    21 |   320 |   555 |   356 |       |       |       |       ||  1252
         Dire flail        |       |       |    12 |    30 |       |       |       |       |       ||    42
         Battleaxe         |       |       |       |       |   621 |  1270 |  1033 |  1256 |  1884 ||  6064
         Flail             |       |       |       |       |    10 |       |       |       |       ||    10
         Executioner's axe |       |       |       |       |       |       |    21 |       |  1413 ||  1434
   Cast: Manifold Assault  |       |       |       |       |       |       |    83 |   269 |   648 ||  1000
 Invoke: Elemental Force   |       |       |       |     1 |     3 |     1 |     2 |       |     2 ||     9
         Upheaval          |       |       |       |       |     1 |     1 |     1 |       |     2 ||     5
         Disaster Area     |       |       |       |       |       |     1 |     7 |     4 |     9 ||    21
Ability: Dig               |       |       |       |     3 |     1 |     1 |       |       |     1 ||     6
  Evoke: Wand              |       |       |     2 |    11 |     8 |       |       |       |     3 ||    24
         Condenser vane    |       |       |       |       |     1 |     2 |     1 |     1 |     1 ||     6
         Phantom mirror    |       |       |       |       |       |     2 |     2 |     1 |     1 ||     6
         Lightning rod     |       |       |       |       |       |       |     5 |       |     1 ||     6
         Box of beasts     |       |       |       |       |       |       |     1 |       |       ||     1
    Use: Potion            |     1 |     1 |       |     1 |     6 |     4 |     6 |     2 |    15 ||    36
         Scroll            |       |       |     7 |     8 |     8 |     5 |     8 |     3 |    27 ||    66
   Stab: Petrified         |       |       |       |       |     3 |       |       |       |       ||     3
         Paralysed         |       |       |       |       |     1 |       |       |       |       ||     1
         Confused          |       |       |       |       |       |     2 |       |       |       ||     2
         Distracted        |       |       |       |       |       |       |     1 |       |       ||     1
 Armour: Scale mail        |    46 |    28 |   165 |    46 |       |       |       |       |       ||   285
         Plate armour      |       |       |       |   194 |   508 |   741 |   548 |   489 |   183 ||  2663
         Pearl dragon scal |       |       |       |       |       |       |       |       |   118 ||   118
         Gold dragon scale |       |       |       |       |       |       |       |       |  1084 ||  1084
  Dodge: Dodged            |    21 |    21 |   181 |   166 |   213 |   428 |   246 |   276 |   701 ||  2253
         Repelled          |       |       |       |     1 |    43 |    16 |    78 |    34 |   199 ||   371
  Block: Buckler           |    17 |    17 |    60 |       |       |       |       |       |       ||    94
         Tower shield      |       |       |    40 |   728 |  1560 |  2154 |  1148 |       |       ||  5630
         Kite shield       |       |       |       |       |       |       |   270 |   858 |  2050 ||  3178
         Reflection        |       |       |       |       |       |       |    34 |    37 |    60 ||   131

Table legend: (Time is in decaauts)
 A = Elapsed time spent in this place.
 B = Non-inter-level travel time spent in this place.
 C = Inter-level travel time spent in this place.
 D = Time resting spent in this place.
 E = Time spent auto-exploring this place.
 F = Levels seen in this place.
 G = Mean time per level.
                   A        B        C        D        E       F      G
               +--------+--------+--------+--------+--------+-----+--------+
         Total |  60828 |  51750 |   9078 |   4596 |  34315 |  70 |  869.0 |
       Dungeon |  17320 |  13608 |   3712 |   2315 |   8544 |  15 | 1154.7 |
        Temple |     44 |      2 |     42 |      0 |      0 |   1 |   44.0 |
          Lair |   5474 |   4651 |    823 |    279 |   3219 |   5 | 1094.8 |
        Shoals |   4358 |   3864 |    494 |    358 |   2483 |   4 | 1089.5 |
   Spider Nest |   4471 |   4139 |    332 |    323 |   2474 |   4 | 1117.8 |
    Slime Pits |   2301 |   2025 |    276 |    134 |   1473 |   5 |  460.2 |
  Orcish Mines |   1545 |   1184 |    361 |    144 |    752 |   2 |  772.5 |
   Elven Halls |   3576 |   3092 |    484 |    204 |   2056 |   3 | 1192.0 |
        Vaults |   7247 |   5886 |   1361 |    197 |   4249 |   5 | 1449.4 |
         Crypt |   2867 |   2667 |    200 |     33 |   1837 |   3 |  955.7 |
        Depths |   5233 |   4589 |    644 |    460 |   2983 |   4 | 1308.2 |
           Zot |   4979 |   4634 |    345 |     70 |   3486 |   5 |  995.8 |
         Abyss |    145 |    145 |      0 |      0 |     36 |   1 |  145.0 |
      Ziggurat |    726 |    726 |      0 |     58 |    350 |  11 |   66.0 |
        Bazaar |     73 |     73 |      0 |      0 |     58 |   1 |   73.0 |
         Sewer |    462 |    462 |      0 |     21 |    312 |   1 |  462.0 |
               +--------+--------+--------+--------+--------+-----+--------+

Top non-repeatable levels by time:
     D:9: 2207 daAuts
Vaults:2: 1698 daAuts
Vaults:4: 1672 daAuts
     D:8: 1530 daAuts
Vaults:3: 1529 daAuts
Depths:4: 1520 daAuts
    D:12: 1500 daAuts
  Lair:1: 1472 daAuts
    D:10: 1461 daAuts
  Lair:5: 1413 daAuts
   Elf:3: 1411 daAuts
Spider:1: 1393 daAuts
Depths:2: 1343 daAuts
Shoals:3: 1306 daAuts
Depths:1: 1279 daAuts
